 Dungeon Crawl Stone Soup version 0.28-a0-1286-g6bde065e89 (webtiles) character file.

Game seed: 15026190707971241416

2192 blank1 the Ruffian (level 9, -3/89 HPs)
             Began as a Troll Monk on Dec 27, 2021.
             Was a Believer of Okawaru.
             Slain by a skeletal warrior (8 damage)
             ... led by a skeletal warrior
             ... on level 8 of the Dungeon.
             The game lasted 00:11:18 (5787 turns).

blank1 the Ruffian (Troll Monk)                     Turns: 5787, Time: 00:11:18

Health: -3/89      AC:  5    Str: 23    XL:     9   Next: 12%
Magic:  9/10       EV: 18    Int:  6    God:    Okawaru [**....]
Gold:   392        SH:  0    Dex: 14    Spells: 8/8 levels left

rFire   . . .      SeeInvis .     - Unarmed
rCold   . . .      Faith    .   (no shield)
rNeg    . . .      Spirit   .   a - +1 robe
rPois   +          Reflect  .   (helmet restricted)
rElec   .          Harm     .   g - scarf {repulsion}
rCorr   .          Rampage  .   (gloves unavailable)
Will    .....                   (boots unavailable)
Stlth   +++.......              (no amulet)
HPRegen 1.04/turn               b - ring of poison resistance
MPRegen 0.12/turn               q - +4 ring of evasion

@: heroic, studying Throwing, repel missiles
A: large, unfitting armour, claws 3, regeneration 1, shaggy fur 1, tough skin 1
a: Renounce Religion, Heroism


You were on level 8 of the Dungeon.
You worshipped Okawaru.
Okawaru was pleased with you.
You visited 2 branches of the dungeon, and saw 9 of its levels.
You also visited: Ossuary.

You collected 392 gold pieces.

Inventory:

Hand Weapons
 w - a +4 flail of freezing
Missiles
 i - 4 boomerangs (quivered)
Armour
 a - a +1 robe (worn)
 g - a scarf of repulsion (worn)
Jewellery
 b - a ring of poison resistance (left claw)
 q - a +4 ring of evasion (right claw)
Wands
 c - a wand of paralysis (7)
 u - a wand of flame (18)
Scrolls
 d - a scroll of torment
 h - 2 scrolls of immolation
 o - 3 scrolls of enchant weapon
 t - a scroll of fog
 x - a scroll of magic mapping
Potions
 e - a potion of brilliance {unknown}
 f - 2 potions of heal wounds {unknown}
 j - 4 potions of mutation
 k - 4 potions of curing {unknown}
 l - a potion of ambrosia {unknown}
 m - a potion of invisibility {unknown}
 n - a potion of resistance
 p - a potion of cancellation {unknown}
 r - a potion of might
 s - a potion of flight {unknown}
 v - a potion of berserk rage


   Skills:
 - Level 6.0(11.0) Fighting
 - Level 4.0(9.0) Throwing
 + Level 5.9(10.9) Dodging
 - Level 1.0(6.0) Stealth
 - Level 7.0(12.0) Unarmed Combat
 + Level 2.8 Invocations


You had 8 spell levels left.
You didn't know any spells.
Your spell library contained the following spells:

 Spells                   Type           Power      Damage    Failure   Level
 Beastly Appendage        Tmut           0%         N/A       45%         1
 Freeze                   Ice            0%         1d3       45%         1
 Magic Dart               Conj           0%         1d3       45%         1
 Sting                    Tmut/Pois      0%         1d3       45%         1
 Searing Ray              Conj           0%         2d4       58%         2
 Wereblood                Tmut           0%         N/A       58%         2
 Frozen Ramparts          Ice            0%         1d2       83%         3
 Gell's Gravitas          Tloc           0%         N/A       83%         3
 Inner Flame              Hex/Fire       0%         N/A       83%         3
 Lesser Beckoning         Tloc           0%         N/A       83%         3
 Spider Form              Tmut/Pois      0%         N/A       83%         3
 Teleport Other           Tloc           0%         N/A       83%         3
 Cause Fear               Hex            0%         N/A       99%         4
 Fulminant Prism          Conj/Hex       0%         3d6       99%         4
 Hailstorm                Conj/Ice       0%         3d3       99%         4
 Ice Form                 Ice/Tmut       0%         N/A       99%         4
 Discord                  Hex            0%         N/A       100%        8
 Summon Ice Beast         Ice/Summ       Unusable   N/A       N/A         4

Dungeon Overview and Level Annotations

Branches:
Dungeon (8/15)             Temple (1/1) D:6         Ossuary (visited)
   Lair: D:8-11

Altars:
Ashenzari
Fedhas
Gozag
Hepliaklqana
Kikubaaqudgha
Makhleb
Nemelex Xobeh
Okawaru
Ru
Sif Muna
Trog
Vehumet
Wu Jian
Yredelemnul

Shops:
D:4 *

Portals:
Bailey: D:8

Annotations:
D:6 2 transporters


Innate Abilities, Weirdness & Mutations

You are too large for most types of armour.
You have claws for hands.
Your natural rate of healing is unusually fast.
You are covered in fur. (AC +1)
You have tough skin. (AC +1)


Message History

No target in view!
Things that are here:
a +0 hand axe; a +0 hand axe The skeletal warrior completely misses you.
Things that are here:
a +0 hand axe; a +0 hand axe
Things that are here:
a +0 hand axe; a +4 hand axe; a goblin corpse You gain the combat prowess of a mighty hero.
The skeletal warrior misses you. The skeletal warrior misses you.
Things that are here:
a +0 hand axe; a +0 hand axe You scratch the skeletal warrior but do no damage.
You scratch the skeletal warrior but do no damage.
You claw the skeletal warrior!
The skeletal warrior is lightly damaged.
The skeletal warrior hits you with a +0 glaive!!
You scratch the skeletal warrior but do no damage.
The skeletal warrior is lightly damaged.
The skeletal warrior hits you with a +0 glaive!!
You scratch the skeletal warrior but do no damage.
The skeletal warrior is lightly damaged.
The skeletal warrior completely misses you.
You barely miss the skeletal warrior.
The skeletal warrior is lightly damaged.
You mangle the skeletal warrior!!
The skeletal warrior is heavily damaged.
The skeletal warrior hits you with a +0 glaive!!
* * * LOW HITPOINT WARNING * * *
You scratch the skeletal warrior but do no damage.
The skeletal warrior is heavily damaged.
The skeletal warrior hits you with a +0 glaive.
* * * LOW HITPOINT WARNING * * *
You mangle the skeletal warrior!! Your claw misses the skeletal warrior.
The skeletal warrior is almost destroyed.
The skeletal warrior hits you with a +0 glaive!
* * * LOW HITPOINT WARNING * * *
The skeletal warrior hits you from afar with a +0 glaive!
You die...

#. #. . #.##
.. #... #
...#...###.##
............#
≈≈≈≈≈≈≈.#####
≈#####≈z)@.<#
#≈.#####
#.∩..≈.#
#...#≈.#
#####≈.# ≈≈.#
....# #..##
##.


You could see a skeletal warrior.

Vanquished Creatures
  2 water moccasins
  An ice beast (D:7)
  A black bear (D:7)
  A necrophage (D:5)
  An ogre (D:5)
  2 phantoms (D:6)
  A bullfrog (D:7)
  3 scorpions
  4 wights (D:6)
  3 howler monkeys
  2 human zombies (Ossuary)
  2 bullfrog skeletons (D:6)
  5 hounds
  2 orc priests (D:5)
  2 jellies (D:5)
  2 centaur skeletons
  Jessica (D:2)
  2 orc wizards (D:5)
  2 iguanas
  2 killer bee zombies
  A hound skeleton (D:4)
  3 mummies (Ossuary)
  Robin (D:2)
  A howler monkey zombie (D:7)
  4 gnolls
  9 adders
  4 white imps
  An adder zombie (Ossuary)
  2 worms
  A dart slug (D:2)
  16 orcs
  5 endoplasms
  4 giant cockroaches
  A gnoll zombie (Ossuary)
  16 goblins
  10 hobgoblins
  8 jackals
  7 kobolds
  3 quokkas
  9 ball pythons
  5 bats
  A frilled lizard (D:2)
  5 hobgoblin zombies (Ossuary)
  4 kobold zombies (Ossuary)
  A quokka zombie (Ossuary)
  2 rats (D:1)
  4 rat zombies (Ossuary)
169 creatures vanquished.

Notes
Turn   | Place    | Note
-------+----------+-------------------------------------------
     0 | D:1      | blank1 the Troll Monk began the quest for the Orb.
     0 | D:1      | Reached XP level 1. HP: 22/22 MP: 0/0
   352 | D:1      | Reached XP level 2. HP: 29/29 MP: 1/1
   627 | D:1      | Reached XP level 3. HP: 36/36 MP: 2/2
   893 | D:1      | You fall into a shaft and drop 1 floor!
   959 | D:2      | Noticed Jessica
   959 | D:2      | Noticed Robin
  1329 | D:2      | Killed Robin
  1330 | D:2      | Reached XP level 4. HP: 26/45 MP: 3/3
  1332 | D:2      | Killed Jessica
  1708 | D:3      | Reached skill level 4 in Unarmed Combat
  1931 | D:3      | Found an ornate altar of the Wu Jian Council.
  1980 | D:3      | Reached XP level 5. HP: 53/53 MP: 4/4
  2058 | D:3      | Found a faded altar of an unknown god.
  2377 | D:3      | Found a burning altar of Makhleb.
  2380 | D:3      | Found a bloodstained altar of Trog.
  2385 | D:3      | Found an opulent altar of Gozag.
  2493 | D:4      | Found a sand-covered staircase.
  2499 | Ossuary  | Entered an ossuary
  2663 | Ossuary  | Reached XP level 6. HP: 59/62 MP: 5/5
  3026 | D:4      | Found Wianwy's Fire Supplies.
  3283 | D:4      | Reached skill level 5 in Unarmed Combat
  3396 | D:5      | Entered Level 5 of the Dungeon
  3489 | D:5      | Reached XP level 7. HP: 71/71 MP: 6/6
  3514 | D:5      | Found a blossoming altar of Fedhas.
  3562 | D:5      | Reached skill level 5 in Fighting
  3678 | D:5      | Reached skill level 6 in Unarmed Combat
  3738 | D:5      | Reached XP level 8. HP: 79/83 MP: 7/7
  4223 | D:5      | Reached skill level 5 in Dodging
  4223 | D:5      | Reached skill level 1 in Throwing
  4392 | D:6      | Found a staircase to the Ecumenical Temple.
  4400 | Temple   | Entered the Ecumenical Temple
  4439 | Temple   | Became a worshipper of Warmaster Okawaru
  4439 | Temple   | Reached * piety under Okawaru
  4439 | Temple   | Reached ** piety under Okawaru
  4504 | D:6      | Reached skill level 1 in Invocations
  4504 | D:6      | Found a transporter.
  4558 | D:6      | Found a broken altar of Ashenzari.
  4754 | D:6      | Found an ancient bone altar of Kikubaaqudgha.
  4760 | D:6      | Found a shimmering blue altar of Sif Muna.
  4762 | D:6      | Found a radiant altar of Vehumet.
  4767 | D:6      | Got Sif Muna's Tome of Moulding
  4818 | D:6      | Found a transporter.
  5047 | D:7      | Found a sparkling altar of Nemelex Xobeh.
  5132 | D:7      | Reached XP level 9. HP: 89/89 MP: 9/9
  5172 | D:7      | Reached skill level 7 in Unarmed Combat
  5752 | D:8      | Found a flagged portal.
  5755 | D:8      | Noticed a skeletal warrior
  5786 | D:8      | HP: 4/89 [skeletal warrior[a skeletal warrior] (14)]
  5787 | D:8      | Slain by a skeletal warrior

Illustrated notes

Levels and vault maps discovered:
D:1:      heliophobic_arrival_ceremonial_halls, layout_loops_corners
D:2:      layout_loops_ring, uniq_robin, uniq_jessica
D:3:      layout_loops_ring, nzn_wu_jian_council_hall,
          grunt_temple_overflow_diamond, chequers_ecumenical_altar_simple_redux
D:4:      minmay_diamond_boxcup, layout_basic, nicolae_ossuary_entry_plus,
          nicolae_shop_fire_sale [nicolae_sub_dead_trees], minmay_diced_spiral
D:5:      layout_loops_cross, mainiacjoe_overflow_surrounded_room,
          minmay_manual_mail
D:6:      gammafunk_steamed_eel, layout_rooms,
          grunt_temple_overflow_magic_moments, lemuel_round_altar,
          minmay_temple_entry_statues_fountains
D:7:      layout_basic, mainiacjoe_overflow_alcove_1
D:8:      black_bear_nest_2, layout_basic, nicolae_overflow_crystal_walls,
          erik_lair_dragon, enter_bailey_3, minmay_fountain_box,
          fungi_pond_lemuel
Temple:   bh_familiar_temple

Skill      XL: |  1  2  3  4  5  6  7  8  9 |
---------------+----------------------------+-----
Fighting       | 3 4 6 |  6.0
Dodging        | 3 4 5 |  5.9
Unarmed Combat | 4 5 6 7 |  7.0
Throwing       | 4 |  4.0
Invocations    | 2 |  2.8
Stealth        | |  1.0

Action                   |  1- 3 |  4- 6 |  7- 9 || total
-------------------------+-------+-------+-------++-------
Melee: Unarmed           |   100 |   217 |   203 ||   520
       Punch             |     2 |     4 |     9 ||    15
Throw: Boomerang         |       |     1 |     8 ||     9
Invok: Heroism           |       |       |     1 ||     1
  Use: Scroll            |       |    11 |     3 ||    14
 Stab: Sleeping          |     5 |     3 |     1 ||     9
       Distracted        |     1 |       |       ||     1
Armor: Robe              |    35 |    60 |    34 ||   129
Dodge: Dodged            |    48 |    89 |    91 ||   228
       Repelled          |       |       |     2 ||     2

Table legend: (Time is in decaauts)
 A = Elapsed time spent in this place.
 B = Non-inter-level travel time spent in this place.
 C = Inter-level travel time spent in this place.
 D = Time resting spent in this place.
 E = Time spent auto-exploring this place.
 F = Levels seen in this place.
 G = Mean time per level.
                   A        B        C        D        E       F      G
               +--------+--------+--------+--------+--------+-----+--------+
         Total |   5743 |   5465 |    278 |     54 |   4184 |  10 |  574.3 |
       Dungeon |   5476 |   5209 |    267 |     24 |   4085 |   8 |  684.5 |
        Temple |     51 |     40 |     11 |      0 |     24 |   1 |   51.0 |
       Ossuary |    216 |    216 |      0 |     30 |     75 |   1 |  216.0 |
               +--------+--------+--------+--------+--------+-----+--------+

Top non-repeatable levels by time:
     D:1: 1047 daAuts
     D:5: 833 daAuts
     D:7: 827 daAuts
     D:3: 753 daAuts
     D:4: 693 daAuts
     D:2: 665 daAuts
     D:6: 620 daAuts
 Ossuary: 216 daAuts
  Temple: 51 daAuts
     D:8: 33 daAuts
